 Dungeon Crawl Stone Soup version 0.30-a0-956-gcec3b41aec (webtiles) character file.

Game seed: 10529034506082714350

8 dredge the Trooper (level 2, 24/24 HPs)
             Began as a Human Fighter on Mar 29, 2023.
             Quit the game on level 1 of the Dungeon.
             The game lasted 00:01:09 (71 turns).

dredge the Trooper (Human Fighter)                    Turns: 71, Time: 00:01:09

Health: 24/24      AC:  6    Str: 16    XL:     2   Next: 15%
Magic:  2/2        EV:  8    Int:  8    God:
Gold:   0          SH:  4    Dex: 12    Spells: 1/1 levels left

rFire   . . .      SeeInvis .    a - +0 long sword
rCold   . . .      Faith    .    c - +0 buckler
rNeg    . . .      Spirit   .    b - +0 scale mail
rPois   .          Reflect  .    (no helmet)
rElec   .          Rampage  .    (no cloak)
rCorr   .                        (no gloves)
Will    .....                    (no boots) Stlth
                                 (no amulet)
HPRegen 0.24/turn                (no ring)
MPRegen 0.08/turn                (no ring)

@: no status effects
A: no striking features
a: no special abilities


You were on level 1 of the Dungeon.
You visited 1 branch of the dungeon, and saw 1 of its levels.

Inventory:

Hand Weapons
 a - a +0 long sword (weapon)
Armour
 b - a +0 scale mail (worn)
 c - a +0 buckler (worn)
Scrolls
 e - a scroll of teleportation {unknown}
Potions
 d - a potion of might


   Skills:
 + Level 3.1 Fighting
 + Level 2.2 Long Blades
 + Level 3.1 Armour
 + Level 3.1 Shields


You had one spell level left.
You didn't know any spells.
Your spell library was empty.

Dungeon Overview and Level Annotations

Branches:
Dungeon (1/15)

Altars:


Message History

The goblin shouts!
You hear an angry hiss. x2
A ball python comes into view.
You slash the goblin!
You kill the goblin!
You slash the endoplasm!
You kill the endoplasm!
The ball python bites you but does no damage.
The ball python barely misses you.
You hit the ball python.
You kill the ball python!
No target in view!
No target in view!
No target in view!
A frilled lizard comes into view.
The frilled lizard hisses angrily.
A giant cockroach comes into view.
A rat comes into view.
The giant cockroach closely misses you.
You hit the giant cockroach.
The giant cockroach is severely wounded.
The frilled lizard bites you. The giant cockroach barely misses you.
You hit the giant cockroach.
You kill the giant cockroach!
The frilled lizard bites you but does no damage.
You block the frilled lizard's attack.
You have reached level 2!
You hit the frilled lizard.
You kill the frilled lizard!
You barely miss the rat. You block the rat's attack.
You hit the rat.
The rat is severely wounded.
You block the rat's attack. The rat barely misses you.
You hit the rat.
You kill the rat!
No target in view!
There is a faded altar of an unknown god here.
You see here a +0 dagger.
This altar belongs to (a) Cheibriados, (b) Makhleb or (c) Qazlal, but you can't tell which.
Press the corresponding letter to learn more about a god, or press enter to convert or escape to cancel.
Okay, then.
Are you sure you want to abandon this character and quit the game? (Confirm with "yes".)

# .. # ... ..
#.#.##...# .#
..... .#.##.#
..... .....
#.#..##)#.#
#....†#.#.## #
#.†.....# .#
###.......# #.#
........@..##..#
#.....#........#
....#.#......###
##(...##...†#####
#.#. ##........#
# #. #...†.....##
..............##
.....########..#
.....# ##.#


There were no monsters in sight!

Vanquished Creatures
  A ball python (D:1)
  An endoplasm (D:1)
  2 giant cockroaches (D:1)
  2 frilled lizards (D:1)
  A goblin (D:1)
  A rat (D:1)
8 creatures vanquished.

Notes
Turn   | Place    | Note
-------+----------+-------------------------------------------
     0 | D:1      | dredge the Human Fighter began the quest for the Orb.
     0 | D:1      | Reached XP level 1. HP: 18/18 MP: 1/1
    36 | D:1      | Found a faded altar of an unknown god.
    65 | D:1      | Reached XP level 2. HP: 24/24 MP: 2/2
    71 | D:1      | Quit the game

Illustrated notes

Levels and vault maps discovered:
D:1:      heliophobic_arrival_battle_scene, layout_rooms,
          ebering_ecumenical_altar_sacrificial

Action                     || total
---------------------------++-------
  Melee: Long sword        ||    19
 Armour: Scale mail        ||     8
  Dodge: Dodged            ||     8
  Block: Buckler           ||     6

Table legend: (Time is in decaauts)
 A = Elapsed time spent in this place.
 B = Non-inter-level travel time spent in this place.
 C = Inter-level travel time spent in this place.
 D = Time resting spent in this place.
 E = Time spent auto-exploring this place.
 F = Levels seen in this place.
 G = Mean time per level.
                   A        B        C        D        E       F      G
               +--------+--------+--------+--------+--------+-----+--------+
         Total |     77 |     72 |      5 |      0 |     14 |   1 |   77.0 |
       Dungeon |     77 |     72 |      5 |      0 |     14 |   1 |   77.0 |
               +--------+--------+--------+--------+--------+-----+--------+

Top non-repeatable levels by time:
     D:1: 77 daAuts
